 Dungeon Sprint DCSS version 0.29-a0-512-gf59ac788ac (webtiles) character file.

Game seed: 10220689119911622300

110 mhtbhm the Shield-Bearer (level 5, -1/44 HPs)
             Began as a Human Fighter on May 29, 2022.
             Splashed by a jelly's acid (2 damage)
             ... in the Dungeon (Sprint IX: "|||||||||||||||||||||||||||||").
             The game lasted 00:00:25 (294 turns).

mhtbhm the Shield-Bearer (Human Fighter)             Turns: 294, Time: 00:00:26

Health: -1/44      AC: -4    Str: 19    XL:     5   Next: 14%
Magic:  5/5        EV:  9    Int:  8    God:
Gold:   0          SH:  5    Dex: 12    Spells: 4/4 levels left

rFire   . . .      SeeInvis .   a - +0 long sword
rCold   . . .      Faith    .   c - +0 buckler
rNeg    . . .      Spirit   .   b - +0 scale mail
rPois   .          Reflect  .   (no helmet)
rElec   .          Harm     .   (no cloak)
rCorr   .          Rampage  .   (no gloves)
Will    .....      NoTele   +   (no boots)
Stlth   ..........              (no amulet)
HPRegen 0.14/turn               (no ring)
MPRegen 0.09/turn               (no ring)

@: corroded
A: no striking features
a: no special abilities


You were in the Dungeon.
You visited 1 branch

Inventory:

Hand Weapons
 a - a +0 long sword (weapon)
Armour
 b - a +0 scale mail (worn)
 c - a +0 buckler (worn)
Potions
 d - a potion of might
 f - a potion of heal wounds
 g - a potion of haste
 h - 2 potions of magic


   Skills:
 + Level 5.5 Fighting
 + Level 3.8 Long Blades
 + Level 5.6 Armour
 + Level 1.5 Dodging
 + Level 5.7 Shields


You had 4 spell levels left.
You didn't know any spells.
Your spell library was empty.

Dungeon Overview and Level Annotations

Branches:
Dungeon (1/1)

Altars:


Message History

You feel stronger.
Blink to where?
Press: ? - help, Dir - move target
As you read the scroll of blinking, it crumbles to dust.
You close the door.
You start resting.
You feel yourself speed up.
You start resting.
You recover from your berserk rage.
You start resting.
You start resting.
HP restored.
You start waiting.
Done waiting.
You open the door. You block the hound's attack.
You closely miss the hound. The hound barely misses you.
The hound closely misses you.
You slash the hound!
The hound is heavily wounded.
The hound barely misses you. The hound bites you.
You slash the hound!
You kill the hound!
You have reached level 5!
Unknown command.
You slash the jelly! The acid corrodes you!
Your hands burn!
The jelly is heavily wounded.
The jelly hits you. The acid corrodes you!
You are splashed with acid!
You hit the jelly.
Your hands burn!
The jelly is severely wounded.
The jelly closely misses you. The jelly hits you. The acid corrodes you!
You are splashed with acid!
* * * LOW HITPOINT WARNING * * *
You completely miss the jelly.
The jelly is severely wounded.
The jelly hits you.
* * * LOW HITPOINT WARNING * * *
You are splashed with acid!
* * * LOW HITPOINT WARNING * * *
You hit the jelly but do no damage. The acid corrodes you!
Your hands burn!
You die... ▓▓▓▓▓▓▓▓▓▓▓▓▓▓▓▓▓▓ +.....).....J@..<▓ ▓▓▓▓▓▓▓▓▓▓▓▓▓▓▓▓▓▓

You could see a jelly.

Vanquished Creatures
  A scorpion (D)
  A hound (D)
  A gnoll (D)
  An adder (D)
  A hobgoblin (D)
  4 bats (D)
9 creatures vanquished.

Notes
Turn   | Place    | Note
-------+----------+-------------------------------------------
     0 | D        | mhtbhm the Human Fighter began the quest for the Orb.
     0 | D        | Reached XP level 1. HP: 18/18 MP: 1/1
    33 | D        | Noticed a jelly
    33 | D        | Noticed a hound
    33 | D        | Noticed a scorpion
    38 | D        | Reached XP level 2. HP: 25/25 MP: 2/2
    45 | D        | Reached XP level 3. HP: 31/31 MP: 3/3
    60 | D        | Killed a scorpion
    61 | D        | Reached skill level 5 in Fighting
    61 | D        | Reached skill level 5 in Armour
    61 | D        | Reached skill level 1 in Dodging
    61 | D        | Reached skill level 5 in Shields
    61 | D        | Reached XP level 4. HP: 21/39 MP: 4/4
   291 | D        | Reached XP level 5. HP: 42/44 MP: 5/5
   293 | D        | HP: 1/44 [acid (8)]
   294 | D        | Splashed by a jelly's acid

Illustrated notes

Levels and vault maps discovered:
D:        linesprint [early_d, line_temple, items_1, d_10, items_2, lair_1,
          lair_end, items_3, orc_1, orc_end, items_4, d_15, swamp_1, shoals_1,
          snake_1, spider_1, d_20, vaults_1, items_5, swamp_end, shoals_end,
          snake_end, spider_end, vaults_end, d_27, items_6, zot_1, zot_end,
          crypt_end, forest_end, elf_end, slime_end, tomb_end, abyss_end,
          pan_hell_end]

Skill      XL: |  1  2  3 |
---------------+----------+-----
Fighting       | 4 5 |  5.5
Shields        | 4 5 |  5.7
Armour         | 4 5 |  5.6
Long Blades    | 3 |  3.8
Dodging        | 1 |  1.5

Action                   |  1- 3 |  4- 6 || total
-------------------------+-------+-------++-------
Melee: Long sword        |    44 |     7 ||    51
  Use: Potion            |     2 |       ||     2
       Scroll            |       |     1 ||     1
Armor: Scale mail        |    26 |       ||    26
Dodge: Dodged            |    29 |     4 ||    33
Block: Buckler           |    11 |     1 ||    12

Table legend: (Time is in decaauts)
 A = Elapsed time spent in this place.
 B = Non-inter-level travel time spent in this place.
 C = Inter-level travel time spent in this place.
 D = Time resting spent in this place.
 E = Time spent auto-exploring this place.
 F = Levels seen in this place.
 G = Mean time per level.
                   A        B        C        D        E       F      G
               +--------+--------+--------+--------+--------+-----+--------+
         Total |    317 |    317 |      0 |    233 |      3 |   1 |  317.0 |
       Dungeon |    317 |    317 |      0 |    233 |      3 |   1 |  317.0 |
               +--------+--------+--------+--------+--------+-----+--------+

Top non-repeatable levels by time:
       D: 317 daAuts
